 Dungeon Crawl Stone Soup version 0.21.1-1-g345015f (webtiles) character file.

1087 fishrc the Covered (level 8, -1/69 HPs)
             Began as a Minotaur Fighter on June 2, 2018.
             Slain by a gnoll
             ... wielding a +0 spear
              (3 damage)
             ... on level 6 of the Dungeon on June 4, 2018.
             The game lasted 00:22:22 (5942 turns).

fishrc the Covered (Minotaur Fighter)               Turns: 5942, Time: 00:22:23

Health: -1/69      AC: 13    Str: 23    XL:     8   Next: 9%
Magic:  7/7        EV:  9    Int: 10    God:
Gold:   204        SH: 10    Dex: 10    Spells: 7/7 levels left

rFire    . . .     SeeInvis .   a - +1 war axe
rCold    . . .     Gourm    +   c - +0 shield
rNeg     . . .     Faith    .   b - +1 scale mail
rPois    .         Spirit   .   (helmet restricted)
rElec    .         Reflect  .   (no cloak)
rCorr    .         Harm     .   G - +0 pair of gloves
MR       .....                  r - +2 pair of boots
Stlth    ..........             A - amulet of the gourmand
HPRegen  0.21/turn              (no ring)
MPRegen  0.10/turn              (no ring)

@: brilliant, about to teleport
A: retaliatory headbutt, horns 2
a: no special abilities


You were on level 6 of the Dungeon.
You were not hungry.

You visited 1 branch of the dungeon, and saw 6 of its levels.

You collected 204 gold pieces.

Inventory:

Hand Weapons
 a - a +1 war axe (weapon)
 k - a +0 mace
 l - a +0 hand axe
 m - a +0 club
 o - a +0 dagger of venom
 q - a +0 spear
 v - a cursed +0 giant club
 x - a +0 hand axe
 D - a +0 falchion
Missiles
 p - 62 arrows
 s - 5 poisoned needles
Armour
 b - a +1 scale mail (worn)
 c - a +0 shield (worn)
 r - a +2 pair of boots (worn)
 C - a +0 scale mail
 E - a +0 helmet
 G - a +0 pair of gloves (worn)
Jewellery
 A - an amulet of the gourmand (around neck)
 F - an uncursed amulet of faith
 J - a +2 amulet of reflection {unknown}
Scrolls
 g - a scroll of remove curse
 h - a scroll of teleportation
 t - 6 scrolls of identify
 u - 2 scrolls of amnesia
 I - a scroll of fog {unknown}
Potions
 d - a potion of might
 e - a potion of ambrosia {unknown}
 j - 3 potions of flight {unknown}
 w - a potion of heal wounds {unknown}
Comestibles
 f - 9 rations
 H - 2 chunks of flesh


   Skills:
 + Level 5.6 Fighting
 + Level 6.3 Axes
 + Level 6.9 Armour
 + Level 2.4 Dodging
 + Level 1.1 Stealth
 + Level 6.3 Shields


You had 7 spell levels left.
You didn't know any spells.

Dungeon Overview and Level Annotations

Branches:
Dungeon (7/15)
 Temple: D:4-7

Altars:

Shops:
D:6 *   D:7 [

Annotations:
D:7 Joseph, Prince Ribbit


Innate Abilities, Weirdness & Mutations

You reflexively headbutt those who attack you in melee.
You have a pair of horns on your head.


Message History

The gnoll hits you with a halberd.
* * * LOW HITPOINT WARNING * * *
The gnoll hits you but does no damage.
As you read the scroll labeled WAZODO HUSHRIA, it crumbles to dust.
It is a scroll of amnesia.
You feel forgetful for a moment. The gnoll barely misses you.
The gnoll closely misses you.
As you read the scroll labeled IJAIXI WEWISCH, it crumbles to dust.
It is a scroll of enchant weapon.
Your +0 war axe glows red for a moment.
You block the gnoll's attack. The gnoll hits you but does no damage.
As you read the scroll labeled DIHYJA SOWKAO, it crumbles to dust.
The creatures around you are filled with an inner flame!
It was a scroll of immolation.
You block the gnoll's attack. The gnoll hits you with a halberd!
* * * LOW HITPOINT WARNING * * *
As you read the scroll of teleportation, it crumbles to dust.
You feel strangely unstable.
The gnoll hits you from afar with a spear.
You die...

..........# ..
..........# #####.#. ..
..........# #.....'. Z.
......)...# #.....# $.
..........#### #.....#
.. ..........'..#
#.....# ..
..........##.# #.....#
.g
......(...##.#####g....#
..
..##########....@gg....#
.. ..# #######5....# ##
### #.....# #.....#
#.....# #.....# ........
........


You could see 3 gnolls and a shadow imp (inner flame).

Vanquished Creatures
  Sigmund (D:6)
  A spriggan (D:7)
  2 phantoms (D:4)
  An ogre (D:7)
  A howler monkey (D:3)
  A quasit (D:6)
  2 orc wizards (D:6)
  A gnoll shaman (D:6)
  2 hounds
  A jelly (D:4)
  A centaur skeleton (D:6)
  4 worker ants
  A killer bee zombie (D:7)
  A hound zombie (D:6)
  A gnoll (D:6)
  2 adders
  2 oozes
  A worm (D:2)
  A dart slug (D:4)
  3 leopard geckos
  7 orcs
  4 bats
  A giant cockroach (D:2)
  2 goblins (D:2)
  3 hobgoblins
  10 jackals
  5 frilled lizards
  5 kobolds (D:1)
  2 rats (D:3)
69 creatures vanquished.

Notes
Turn   | Place    | Note
-------+----------+-------------------------------------------
     0 | D:1      | fishrc the Minotaur Fighter began the quest for the Orb.
     0 | D:1      | Reached XP level 1. HP: 19/19 MP: 0/0
   389 | D:1      | Reached XP level 2. HP: 27/27 MP: 1/1
  1710 | D:2      | Reached XP level 3. HP: 32/33 MP: 2/2
  2120 | D:3      | Reached XP level 4. HP: 30/40 MP: 3/3
  3515 | D:3      | You fall through a shaft!
  3602 | D:4      | Noticed a phantom
  3635 | D:4      | Killed a phantom
  3635 | D:4      | Reached skill level 5 in Armour
  3635 | D:4      | Reached skill level 1 in Dodging
  3635 | D:4      | Reached XP level 5. HP: 40/47 MP: 4/4
  3729 | D:4      | Reached XP level 6. HP: 51/53 MP: 5/5
  3824 | D:4      | Reached skill level 5 in Axes
  3824 | D:4      | Reached skill level 5 in Shields
  4480 | D:4      | You fall through a shaft for 3 floors!
  4487 | D:7      | Noticed Prince Ribbit
  4498 | D:7      | Reached skill level 1 in Stealth
  4504 | D:7      | Found Ojuthradi's Armour Shop.
  4807 | D:7      | Noticed a spriggan baker
  4819 | D:7      | Killed a spriggan baker
  4819 | D:7      | Reached skill level 5 in Fighting
  4819 | D:7      | Reached XP level 7. HP: 32/61 MP: 6/6
  5191 | D:7      | Noticed Joseph
  5191 | D:7      | Paralysed by Joseph for 6 turns
  5215 | D:6      | HP: 3/61 [gnoll/spear (1)]
  5812 | D:6      | Found Migeth's Assorted Antiques.
  5812 | D:6      | Noticed Sigmund
  5839 | D:6      | Killed Sigmund
  5905 | D:6      | Reached XP level 8. HP: 51/69 MP: 7/7
  5941 | D:6      | HP: 1/69 [gnoll/halberd (12)]
  5942 | D:6      | Slain by a gnoll

Skill      XL: |  1  2  3  4  5  6  7 |
---------------+----------------------+-----
Shields        | 4 5 6 |  6.3
Armour         | 4 5 6 |  6.9
Fighting       | 4 5 |  5.6
Axes           | 3 4 5 6 |  6.3
Dodging        | 1 2 |  2.4
Stealth        | 1 |  1.1

Action                   |  1- 3 |  4- 6 |  7- 9 || total
-------------------------+-------+-------+-------++-------
Melee: War axe           |    75 |   106 |    81 ||   262
       Headbutt          |     7 |    10 |    18 ||    35
  Use: Potion            |       |     1 |     1 ||     2
       Scroll            |       |       |     9 ||     9
  Eat: Ration            |     1 |     3 |       ||     4
       Chunk             |     1 |       |     3 ||     4
Armor: Scale mail        |    40 |    42 |    72 ||   154
Dodge: Dodged            |    34 |    43 |    51 ||   128
Block: Shield            |    46 |    63 |    82 ||   191
